 Dungeon Crawl Stone Soup version 0.13-a0-3016-gcb2faac (webtiles) character file.

2914 PolkaDot the Cruncher (level 9, -2/75 HPs)
             Began as a Djinni Gladiator on Sept 12, 2013.
             Was an Elder of Makhleb.
             Slain by an orc warrior
             ... wielding a +0,+1 orcish glaive
              (25 damage)
             ... on Level 7 of the Dungeon.
             The game lasted 00:27:16 (6336 turns).

PolkaDot the Cruncher (Djinni Gladiator)            Turns: 6336, Time: 00:27:16

HP  -2/75        AC  7     Str 17      XL: 9   Next: 26%
MP   0/0         EV 12     Int 11      God: Makhleb [****..]
Gold 440         SH  0     Dex 16      Spells:  1 memorised,  6 levels left

Res.Fire  : + + +   See Invis. : .   A - +4 quarterstaff (chaos)
Res.Cold  : x . .   Warding    : .   b - +0 leather armour (curse)
Life Prot.: + + +   Conserve   : +   (no shield)
Res.Poison: .       Res.Corr.  : .   c - +0 helmet
Res.Elec. : .       Clarity    : .   I - +0 elf cloak
Sust.Abil.: . .     Spirit.Shd : .   (no gloves)
Res.Mut.  : .       Stasis     : .   (boots unavailable)
Res.Rott. : .       Flight     : .   p - amulet of conservation
Saprovore : . . .                    i - cursed +0,+9 ring of slaying
                                     e - +3 ring of intelligence

@: slightly resistant to hostile enchantments, unstealthy
A: fire immunity, cold vulnerability, life protection 3, fuming 1, AC +2
a: Minor Destruction, Lesser Servant of Makhleb, Major Destruction, Renounce
Religion


You were on level 7 of the Dungeon.
You worshipped Makhleb.
Makhleb was extremely pleased with you.
You were not hungry.

You visited 2 branches of the dungeon, and saw 8 of its levels.

You collected 420 gold pieces.

Inventory:

Hand weapons
 A - a +4,+4 quarterstaff of chaos (weapon)
Missiles
 d - 3 throwing nets (quivered)
 F - a throwing net [frayed]
Armour
 b - a cursed +0 leather armour (worn)
 c - a +0 helmet (worn)
 I - a +0 elven cloak (worn)
Magical devices
 x - a wand of confusion (1)
 y - a wand of magic darts (18)
 z - a wand of digging (9)
Scrolls
 a - a scroll of curse weapon {unknown}
 f - 5 scrolls of remove curse
 g - a scroll of teleportation {unknown}
 h - a scroll of curse armour
 j - a scroll of curse jewellery
 l - a scroll of identify
 m - a scroll of random uselessness {unknown}
 n - 3 scrolls of enchant weapon I
 q - a scroll of noise
 r - 4 scrolls of enchant weapon II
 t - 2 scrolls of recharging {unknown}
 u - a scroll of enchant armour {unknown}
 w - a scroll of amnesia {unknown}
 H - 3 scrolls of vulnerability {unknown}
Jewellery
 e - a +3 ring of intelligence (left hand)
 i - a cursed +0,+9 ring of slaying (right hand)
 p - an amulet of conservation (around neck)
Potions
 k - a potion of speed
 o - 4 potions of heal wounds
 v - 3 potions of curing
 C - a potion of agility
 D - a potion of degeneration
 E - a potion of berserk rage
Books
 s - a Grand Grimoire {highlevel}

   This book is beyond your current level of understanding.

   Spells                             Type                      Level
   Demonic Horde                      Summoning                    6
   Mass Abjuration                    Summoning                    6
   Haunt                              Necromancy/Summoning         7
   Summon Greater Demon               Summoning                    7
   Malign Gateway                     Summoning/Translocation      7
   Summon Horrible Things             Summoning                    8
 G - a book of Flames

   Spells                             Type                      Level
   Flame Tongue                       Conjuration/Fire             1
   *Throw Flame                       Conjuration/Fire             2
   Conjure Flame                      Conjuration/Fire             3
   Inner Flame                        Hexes/Fire                   3
   Sticky Flame                       Conjuration/Fire             4
   Fireball                           Conjuration/Fire             5


   Skills:
 - Level 6.2 Fighting
 + Level 9.5 Staves
 - Level 1.7 Throwing
 - Level 2.6 Dodging
 + Level 0.0 Conjurations
 * Level 1.1 Fire Magic
 + Level 5.0 Invocations
 - Level 3.3 Evocations


You had 6 spell levels left.
You knew the following spells:

 Your Spells              Type           Power        Failure   Level  Hunger
a - Throw Flame           Conj/Fire      #.....       43%         2    ###....


Dungeon Overview and Level Annotations

Branches:
Dungeon (7/27)             Temple (1/1) D:4             Orc (0/4) D:6

Altars:
Cheibriados
Fedhas
Kikubaaqudgha
Makhleb
Nemelex Xobeh
Okawaru
Sif Muna
Zin


Innate Abilities, Weirdness & Mutations

You are immune to all types of fire, even holy and hellish.
You are vulnerable to cold.
You need no food.
You have no legs.
You are immune to negative energy.
You are partially covered in slimy green scales (AC +2).
You emit clouds of smoke.


Message History

The orc warrior is lightly wounded.
The orc warrior hits you with an orcish glaive!
You hit the orc warrior but do no damage.
The orc warrior is lightly wounded.
The orc warrior hits you with an orcish glaive!
You hit the orc warrior.
The orc warrior is moderately wounded.
You sock the orc warrior! You freeze the orc warrior.
The orc warrior is severely wounded.
The orc warrior hits you with an orcish glaive!
The orc wizard gestures wildly while chanting.
The orc wizard blinks!
You barely miss the orc warrior.
The orc warrior is severely wounded.
The orc wizard mumbles some strange words.
The orc wizard seems to speed up.
Your leather armour prevents you from hitting the orc warrior.
The orc warrior is severely wounded.
The orc warrior hits you with an orcish glaive!
You die...

### ##.#.######## #.# ##
###.#.# #.######## .###...#.#
#........#
.......#.##################.#
.##....#............).......#
.##....######################
.##....# ###.##.# ###########
#.##+## #.o.oo@...# #.....#
#.#######.# #.....#.# #.#
#.....#.# #.# #.##'##.# ###.#
#.##.##.# ..#.# #.##.##.#
#.#.# #.##.##.# #.#.#
#.##ยง##.# #.#.####


You could see an orc warrior, an orc wizard and an orc.

Vanquished Creatures
  The ghost of profreshinal the Charmwright, an average GrSk (D:4)
  Edmund (D:5)
  An ice beast (D:6)
  An orc warrior (D:7)
  4 ogres
  3 centaurs
  4 giant frogs
  Blork the orc (D:5)
  A water moccasin (D:5)
  A crimson imp (D:5)
  A goliath beetle (D:6)
  Crazy Yiuf (D:4)
  5 orc priests
  A giant frog skeleton (D:7)
  A two-headed ogre skeleton (D:7)
  2 hounds
  A scorpion (D:5)
  4 worker ants
  7 orc wizards
  13 adders
  7 gnolls (D:6)
  A giant mite (D:5)
  3 worms
  3 giant eyeballs
  A giant gecko (D:6)
  An ooze (D:1)
  22 orcs
  9 bats
  5 giant cockroaches
  21 goblins
  15 hobgoblins
  3 quokkas
  6 giant newts
  10 jackals
  13 kobolds
  2 orc skeletons
  An orc zombie (D:5)
  13 rats
190 creatures vanquished.

Vanquished Creatures (others)
  A human (D:3)
1 creature vanquished.

Grand Total: 191 creatures vanquished

Notes
Turn   | Place    | Note
--------------------------------------------------------------
     0 | D:1      | PolkaDot, the Djinni Gladiator, began the quest for the Orb.
     0 | D:1      | Reached XP level 1. HP: 15/15 MP: 0/0
   443 | D:1      | Reached XP level 2. EP: 21/21
   959 | D:2      | HP: 1/21 [hobgoblin (1)]
   997 | D:2      | Reached skill level 4 in Staves
   997 | D:2      | Reached XP level 3. EP: 9/27
  1735 | D:3      | Reached XP level 4. EP: 27/34
  1778 | D:3      | Found a deep blue altar of Sif Muna.
  1828 | D:3      | Reached skill level 5 in Staves
  1828 | D:3      | Reached XP level 5. EP: 20/40
  2594 | D:3      | Reached XP level 6. EP: 22/47
  2716 | D:3      | Found an ancient bone altar of Kikubaaqudgha.
  2793 | D:4      | Reached skill level 6 in Staves
  2875 | D:4      | Found a staircase to the Ecumenical Temple.
  2904 | Temple   | Entered the Ecumenical Temple
  2908 | Temple   | Became a worshipper of Makhleb the Destroyer
  3120 | D:4      | Gained mutation: You are partially covered in slimy green scales (AC +2). [potion of mutation]
  3120 | D:4      | Gained mutation: You emit clouds of smoke. [potion of mutation]
  3145 | D:4      | Noticed profreshinal's ghost (average GrSk)
  3187 | D:4      | Killed profreshinal's ghost
  3187 | D:4      | Reached skill level 7 in Staves
  3187 | D:4      | Reached XP level 7. EP: 25/53
  3511 | D:4      | Acquired Makhleb's first power
  3627 | D:5      | Entered Level 5 of the Dungeon
  4011 | D:5      | Reached skill level 8 in Staves
  4091 | D:5      | Noticed Edmund
  4111 | D:5      | Killed Edmund
  4111 | D:5      | Reached skill level 5 in Fighting
  4111 | D:5      | Reached XP level 8. EP: 11/61
  4332 | D:5      | Found a blossoming altar of Fedhas.
  4395 | D:5      | Acquired Makhleb's second power
  4561 | D:5      | Found a sparkling altar of Nemelex Xobeh.
  4605 | D:5      | Noticed Blork the orc
  4610 | D:5      | Killed Blork the orc
  4613 | D:5      | Reached skill level 9 in Staves
  4821 | D:5      | Reached skill level 1 in Invocations
  4842 | D:5      | Reached skill level 1 in Evocations
  5052 | D:4      | Noticed Crazy Yiuf
  5062 | D:4      | Killed Crazy Yiuf
  5234 | D:6      | Found a staircase to the Orcish Mines.
  5522 | D:6      | Acquired Makhleb's third power
  5600 | D:6      | Reached XP level 9. EP: 39/73
  6114 | D:7      | Acquired Makhleb's fourth power
  6171 | D:7      | Reached skill level 5 in Invocations
  6177 | D:7      | Learned a level 2 spell: Throw Flame
  6329 | D:7      | Reached skill level 1 in Fire Magic
  6336 | D:7      | Slain by an orc warrior

Action                   |  1- 3 |  4- 6 |  7- 9 || total
-------------------------+-------+-------+-------++-------
Melee: Quarterstaff      |   113 |   125 |   252 ||   490
Throw: Throwing net      |     3 |       |     1 ||     4
Invok: Minor Destruction |       |       |    31 ||    31
Evoke: Wand              |       |     4 |     7 ||    11
  Use: Potion            |       |     7 |     2 ||     9
       Scroll            |       |       |    12 ||    12
 Stab: Sleeping          |       |       |     1 ||     1
       Held in net/web   |       |       |     1 ||     1
